 Dungeon Crawl Stone Soup version 0.26-a0-466-g989023bd0d (webtiles) character file.

Game seed: 2755723274852723147

1979110 bmfx the Crack Shot (level 26, 246/246 HPs)
             Began as a Ghoul Delver on Aug 10, 2020.
             Was the Champion of Okawaru.
             Escaped with the Orb
             ... and 3 runes!
             The game lasted 01:51:22 (48810 turns).

bmfx the Crack Shot (Ghoul Delver)                 Turns: 48810, Time: 01:51:23

Health: 246/246    AC: 43    Str: 32    XL:     26   Next: 82%
Magic:  31/31      EV: 15    Int:  8    God:    Okawaru [******]
Gold:   4704       SH:  0    Dex: 12    Spells: 25/25 levels left

rFire    + . .     SeeInvis +   w - +8 longbow "Zephyr" {god gift, speed, Dex+3 SInv}
rCold    + + +     Faith    +   (shield currently unavailable)
rNeg     + + +     Spirit   .   D - +10 storm dragon scales of Broken Taboos {god gift, Harm rElec rPois rC+++ Dex-4}
rPois    ∞         Reflect  .   Q - +2 helmet {Int+3}
rElec    +         Harm     +   L - +0 cloak of the Shore {god gift, Str+4 Dex+3}
rCorr    .                      u - +2 pair of gloves {archery} {god gift}
MR       ++...                  P - +2 pair of boots {Fly} {god gift}
Stlth    ..........             k - amulet of faith
HPRegen  0.51/turn              S - ring of protection from magic
MPRegen  0.22/turn              I - ring of protection from fire

@: no status effects
A: rotting body, claws 1, cold resistance 1, negative energy resistance 3,
inhibited regeneration, torment resistance, unbreathing
0: Orb of Zot
}: 3/15 runes: decaying, serpentine, silver
a: Heroism, Finesse, Renounce Religion, Evoke Flight


You escaped.
You worshipped Okawaru.
Okawaru was exalted by your worship.
You visited 9 branches of the dungeon, and saw 47 of its levels.
You also visited: Bailey, Gauntlet and Desolation.

You collected 5610 gold pieces.
You spent 906 gold pieces at shops.


Innate Abilities, Weirdness & Mutations

Your body is rotting away.
You thrive by killing the living.
You are immune to poison.
You have sharp fingernails.
Your flesh is cold resistant. (rC+)
You are immune to negative energy. (rN+++)
You do not regenerate when monsters are visible.
You are immune to unholy pain and torment.
You can survive without breathing.

Dungeon Overview and Level Annotations

Branches:
Dungeon (15/15)            Temple (1/1) D:4            Lair (6/6) D:8
  Swamp (4/4) Lair:4        Snake (4/4) Lair:4        Slime (0/5) Lair:6
    Orc (2/2) D:12            Elf (0/3) Orc:2        Vaults (5/5) D:13
  Crypt (0/3) Vaults:2     Depths (5/5) D:15            Zot (5/5) Depths:5
 Bailey (visited)         Desolation (visited)      Gauntlet (visited)

Altars:
Ashenzari
Cheibriados
Dithmenos
Elyvilon
Fedhas
Gozag
Hepliaklqana
Kikubaaqudgha
Makhleb
Nemelex Xobeh
Okawaru
Qazlal
Ru
Sif Muna
Trog
Uskayaw
Vehumet
Wu Jian
Xom
Yredelemnul
Zin
The Shining One

Shops:
D:6 (   D:9 (   D:11 [   D:12 }   Orc:2 ?[:(   Snake:1 (*(}[   Vaults:4 :
Depths:3 [?

Portals:
Hell: Depths:5
Abyss: Depths:4
Ziggurat: Depths:3

Annotations:
Lair:4 exclusion: 4 oklob plants
Lair:5 exclusion: oklob plant


   Skills:
 - Level 22.0 Fighting
 - Level 22.0 Bows
 + Level 21.5 Armour
 + Level 11.2 Dodging
 - Level 5.4 Stealth
 - Level 15.7 Unarmed Combat
 - Level 12.0 Invocations
 - Level 12.0 Evocations


You had 25 spell levels left.
You didn't know any spells.
Your spell library contained the following spells:

 Spells                   Type           Power        Failure   Level
 Animate Skeleton         Necr           #.....       71%         1
 Apportation              Tloc           #.....       71%         1
 Magic Dart               Conj           #...         71%         1
 Pain                     Necr           #...         71%         1
 Sandblast                Erth           #.....       71%         1
 Shock                    Conj/Air       #...         71%         1
 Sting                    Tmut/Pois      #...         71%         1
 Summon Small Mammal      Summ           #...         71%         1
 Blink                    Tloc           N/A          83%         2
 Call Imp                 Summ           #.......     83%         2
 Corpse Rot               Necr/Air       N/A          83%         2
 Passwall                 Tmut/Erth      #.......     83%         2
 Poisonous Vapours        Pois/Air       #.....       83%         2
 Searing Ray              Conj           #.....       83%         2
 Call Canine Familiar     Summ           #.......     97%         3
 Confusing Touch          Hex            #.......     97%         3
 Dazzling Flash           Conj/Hex       #.....       97%         3
 Gell's Gravitas          Tloc           #.........   97%         3
 Ignite Poison            Fire/Tmut/Pois #.......     97%         3
 Lesser Beckoning         Tloc           #.........   97%         3
 Mephitic Cloud           Conj/Pois/Air  #.......     97%         3
 Static Discharge         Conj/Air       #.......     97%         3
 Stone Arrow              Conj/Erth      #.....       97%         3
 Summon Guardian Golem    Hex/Summ       #.......     97%         3
 Tukima's Dance           Hex            #.......     97%         3
 Vampiric Draining        Necr           #.........   97%         3
 Animate Dead             Necr           #.........   100%        4
 Cause Fear               Hex            #.........   100%        4
 Fulminant Prism          Conj/Hex       #.........   100%        4
 Hailstorm                Conj/Ice       #.......     100%        4
 Iskenderun's Mystic Bla  Conj/Tloc      #.......     100%        4
 Leda's Liquefaction      Hex/Erth       #.........   100%        4
 Olgreb's Toxic Radiance  Pois           #.......     100%        4
 Petrify                  Tmut/Erth      #.......     100%        4
 Summon Ice Beast         Ice/Summ       #.......     100%        4
 Summon Lightning Spire   Summ/Air       #.......     100%        4
 Agony                    Necr           #.......     100%        5
 Alistair's Intoxication  Tmut/Pois      #........    100%        5
 Bolt of Magma            Conj/Fire/Erth #.........   100%        5
 Irradiate                Conj/Tmut      #.........   100%        5
 Lee's Rapid Deconstruct  Erth           #.........   100%        5
 Lightning Bolt           Conj/Air       #.........   100%        5
 Metabolic Englaciation   Hex/Ice        #.........   100%        5
 Silence                  Hex/Air        #.........   100%        5
 Summon Forest            Summ/Tloc      #.........   100%        5
 Yara's Violent Unravell  Hex/Tmut       #.........   100%        5
 Dispersal                Tloc           #.........   100%        6
 Eringya's Noxious Bog    Tmut/Pois      #.........   100%        6
 Freezing Cloud           Conj/Ice/Air   #.........   100%        6
 Invisibility             Hex            #.......     100%        6
 Iron Shot                Conj/Erth      #.........   100%        6
 Ozocubu's Refrigeration  Ice            #.........   100%        6
 Simulacrum               Ice/Necr       #.........   100%        6
 Starburst                Conj/Fire      #.........   100%        6
 Spellforged Servitor     Conj/Summ      #.........   100%        7
 Summon Hydra             Summ           #.........   100%        7
 Controlled Blink         Tloc           N/A          100%        8
 Discord                  Hex            #.........   100%        8
 Ignition                 Fire           #.........   100%        8
 Shatter                  Erth           #.........   100%        9
 Tornado                  Air            #.........   100%        9
 Beastly Appendage        Tmut           Unusable     N/A         1
 Wereblood                Tmut           Unusable     N/A         2
 Spider Form              Tmut/Pois      Unusable     N/A         3
 Ice Form                 Ice/Tmut       Unusable     N/A         4
 Blade Hands              Tmut           Unusable     N/A         5
 Hydra Form               Tmut           Unusable     N/A         6
 Statue Form              Tmut/Erth      Unusable     N/A         6

Action                   |  1- 3 |  4- 6 |  7- 9 | 10-12 | 13-15 | 16-18 | 19-21 | 22-24 | 25-27 || total
-------------------------+-------+-------+-------+-------+-------+-------+-------+-------+-------++-------
Melee: Unarmed           |    85 |   208 |   437 |   146 |       |       |     8 |     7 |       ||   891
       Punch             |     2 |     4 |    11 |     8 |       |       |     1 |       |       ||    26
 Fire: Shortbow          |       |       |       |    87 |       |       |       |       |       ||    87
       Longbow           |       |       |       |   339 |  1206 |  1382 |  1514 |  1343 |   486 ||  6270
Throw: Boomerang         |    33 |    16 |     3 |       |       |       |       |       |       ||    52
       Dart              |       |     6 |    18 |    11 |       |       |       |       |       ||    35
Invok: Heroism           |       |       |     7 |    25 |    23 |    13 |    16 |     8 |     7 ||    99
       Finesse           |       |       |       |     1 |     3 |     4 |     6 |     4 |     3 ||    21
 Abil: Stop Flying       |       |       |       |       |       |     1 |       |       |       ||     1
Evoke: Wand              |       |     2 |     1 |    15 |     2 |     4 |     1 |     1 |       ||    26
  Use: Scroll            |     3 |     5 |     6 |     7 |    10 |     6 |    12 |    11 |     5 ||    65
       Potion            |       |     2 |       |     1 |       |     1 |     4 |     1 |     2 ||    11
 Stab: Sleeping          |     3 |     3 |       |       |       |       |       |       |       ||     6
Armor: Leather armour    |    24 |     1 |       |       |       |       |       |       |       ||    25
       Ring mail         |       |    50 |       |       |       |       |       |       |       ||    50
       Chain mail        |       |    14 |   191 |   125 |    24 |       |       |       |       ||   354
       Plate armour      |       |       |       |    22 |   238 |     2 |       |       |       ||   262
       Storm dragon scal |       |       |       |       |       |   155 |   179 |   234 |    57 ||   625
Dodge: Dodged            |    42 |   118 |   347 |   245 |   322 |   191 |   161 |   130 |    37 ||  1593

Skill      XL: |  1  2  3  4  5  6  7  8  9 10 11 12 13 14 15 16 17 18 19 20 21 22 23 24 25 26 |
---------------+-------------------------------------------------------------------------------+-----
Unarmed Combat | 3 4 5 6 8 15 | 15.7
Fighting       | 4 5 10 12 13 15 17 20 21 22 | 22.0
Evocations     | 1 4 5 11 12 | 12.0
Invocations    | 5 7 10 12 | 12.0
Armour         | 4 5 8 10 11 12 15 17 19 20 21 | 21.5
Dodging        | 5 8 11 | 11.2
Bows           | 3 8 12 14 17 19 20 21 22 | 22.0
Stealth        | |  5.4

Inventory:

Hand Weapons
 w - the +8 longbow "Zephyr" (weapon) {god gift, speed, Dex+3 SInv}
   (Okawaru gifted it to you on level 4 of the Swamp)

   Attacks with this weapon are significantly faster.
   It affects your dexterity (+3).
   It lets you see invisible.
Missiles
 g - 2 throwing nets {!f}
 q - 21 curare-tipped darts {!f}
 z - 956 arrows (quivered)
Armour
 h - a scarf of shadows
 u - a +2 pair of gloves of archery (worn) {god gift}
 D - the +10 storm dragon scales of Broken Taboos (worn) {god gift, Harm rElec rPois rC+++ Dex-4}
   (Okawaru gifted it to you on level 15 of the Dungeon)

   It affects your dexterity (-4).
   It renders you almost immune to cold.
   It insulates you from electricity.
   It protects you from poison.
   It increases damage dealt and taken.
 L - the +0 cloak of the Shore (worn) {god gift, Str+4 Dex+3}
   (Okawaru gifted it to you on level 2 of the Swamp)

   It affects your strength (+4).
   It affects your dexterity (+3).
 N - a +2 cloak of magic resistance {god gift}
 P - a +2 pair of boots of flying (worn) {god gift}
 Q - a +2 helmet of intelligence (worn)
 X - the +10 plate armour of Zadi {god gift, Int+3}
   (Okawaru gifted it to you on level 4 of the Realm of Zot)

   It affects your intelligence (+3).
Jewellery
 k - an amulet of faith (around neck)
 o - a +6 ring of intelligence
 I - a ring of protection from fire (right hand)
 K - a +4 ring of evasion
 R - an uncursed ring of protection from cold
 S - a ring of protection from magic (left hand)
 T - an uncursed ring of resist corrosion
Wands
 f - a wand of digging (7)
 l - a wand of paralysis (11)
 r - a wand of acid (23)
 B - a wand of random effects (14)
 C - a wand of clouds (11)
 G - a wand of polymorph (16)
 O - a wand of flame (35)
 U - a wand of disintegration (22)
Scrolls
 b - 8 scrolls of fog
 c - 2 scrolls of magic mapping
 d - a scroll of identify {@r3}
 i - 3 scrolls of silence
 p - 18 scrolls of remove curse {@r4}
 t - a scroll of enchant armour
 v - 28 scrolls of teleportation {@r1}
 y - a scroll of summoning
Potions
 a - 8 potions of ambrosia
 e - 5 potions of haste {@q4}
 j - 8 potions of stabbing
 m - 6 potions of magic
 x - 15 potions of curing {@q2}
 A - 2 potions of cancellation
 E - 6 potions of heal wounds {@q1}
 F - 2 potions of invisibility
 H - 5 potions of might
 W - 3 potions of brilliance
 Y - 3 potions of resistance
 Z - 2 potions of flight
Miscellaneous
 n - 6 phantom mirrors
 s - a tin of tremorstones (3/3)
 J - a phial of floods
 M - a lightning rod (4/4)
 V - 4 boxes of beasts

♣..............♣##
♣..♣♣♣#'''#♣♣♣....
♣.♣♣###...###♣....
♣♣♣ #.......##♣♣♣.
####....8..####♣♣
###..#.......#..###
#....'.8...8.#....#
#....#...⌠...#....#
#.@..#.8...8.'..⌠.#
#....#...8...#....#
###################


There were no monsters in sight!

Vanquished Creatures
  4 orbs of fire (Zot:5)
  10 ancient liches
  The ghost of Pall the Warrior, a veteran FoAK of Lugonu (Vaults:4)
  Frederick (Depths:4)
  3 Killer Klowns (Zot:5)
  Saint Roka (Vaults:2)
  3 golden dragons
  2 electric golems (Zot:5)
  The ghost of Nybbakke the Tortoise, an adept MiFi of Gozag (Vaults:4)
  The ghost of Norharag the Warrior, an adept HuBe of Trog (Vaults:4)
  A lich (Vaults:4)
  Rupert (D:15)
  9 tentacled monstrosities
  28 Orb Guardians
  An Ice Fiend (Depths:4)
  2 acid blobs (Depths:4)
  5 titans
  4 death cobs
  9 shadow dragons
  4 storm dragons
  Gastronok (D:9)
  3 sphinxes
  Roxanne (Snake:1)
  Agnes (Snake:3)
  4 tengu reavers
  3 thorn hunters
  5 nagarajas
  A draconian monk (Zot:5)
  An iron dragon (Vaults:5)
  3 deep elf sorcerers (Vaults:5)
  6 fire giants
  3 imperial myrmidons (Desolation)
  5 frost giants
  4 draconian knights
  17 vault wardens
  A cacodemon (Zot:1)
  3 draconian scorchers
  2 orc warlords (Orc:2)
  2 draconian stormcallers (Zot:5)
  2 draconian shifters (Zot:5)
  20 ironheart preservers
  A reaper (D:15)
  12 very ugly things
  2 war gargoyles
  17 stone giants
  A vampire knight (Depths:1)
  5 entropy weavers
  3 green draconians
  A minotaur (Gauntlet)
  2 red draconians
  A black sun (D:12)
  2 yellow draconians
  A purple draconian (Zot:5)
  4 white draconians
  A dire elephant (Lair:6)
  7 deep elf annihilators
  2 halazid warlocks (Desolation)
  3 spark wasps (Depths:1)
  A merfolk javelineer (Depths:3)
  Snorg (Orc:2)
  5 ragged hierophants (Desolation)
  A green death (Depths:4)
  A deep elf death mage (Vaults:1)
  2 crystal guardians (Desolation)
  12 ettins
  Josephine (D:15)
  5 fire dragons
  Erolcha (D:11)
  19 ogre magi
  2 deep elf high priests (Vaults:5)
  Harold (D:10)
  14 yaktaur captains
  4 ghost crabs
  5 ice dragons
  A rakshasa (Vaults:1)
  6 servants of whispers (Desolation)
  5 peacekeepers (Desolation)
  A monstrous demonspawn (D:13)
  20 naga warriors
  31 vault guards
  2 catoblepae
  24 hydras
  6 great orbs of eyes
  A spriggan air mage (Depths:3)
  3 shambling mangroves
  15 centaur warriors
  11 anacondas
  2 dancing weapons (Vaults:5)
  11 alligators
  8 deep troll shamans
  45 two-headed ogres
  4 deep troll earth magi
  An orc high priest (Orc:1)
  3 death knights
  6 death yaks
  2 tengu warriors
  Urug (D:10)
  2 soul eaters
  Nergalle (D:12)
  A sun demon (Depths:4)
  A spriggan berserker (Depths:5)
  Sonja (Orc:2)
  15 naga sharpshooters
  A shock serpent (Snake:3)
  5 deep elf knights
  2 iron trolls (Depths:4)
  4 shadow wraiths
  A hell knight (Depths:5)
  A sixfirhy (Zot:1)
  12 skeletal warriors
  4 salamander mystics
  A torturous demonspawn (D:5)
  3 spriggan druids
  6 wizards
  5 flayed ghosts
  7 unseen horrors
  An obsidian statue (D:11)
  8 swamp dragons
  18 deep trolls
  A lindwurm (Lair:6)
  A glowing orange brain (Vaults:3)
  8 deep elf archers
  6 naga ritualists
  5 orc knights
  21 ironbrand convokers
  6 phantasmal warriors
  12 deep elf magi
  A harpy (Vaults:1)
  2 oklob plants (Depths:4)
  6 wolf spiders
  3 necromancers
  A fire giant zombie (Depths:1)
  17 salamanders
  4 orc sorcerers
  7 cyclopes
  16 ugly things
  2 manticores
  13 mana vipers
  5 moths of wrath
  A cyclops (shapeshifter) (Vaults:5)
  A tengu skeleton (Depths:1)
  A fire giant skeleton (Vaults:3)
  A sphinx skeleton (Vaults:2)
  A frost giant skeleton (Vaults:2)
  46 black mambas
  A rust devil (Zot:5)
  9 elephants
  13 guardian serpents
  33 naga magi
  11 vault sentinels
  13 cane toads
  5 molten gargoyles (Desolation)
  A stone giant skeleton (Vaults:2)
  A torpor snail (Lair:4)
  Maggie (D:9)
  2 kobold demonologists
  2 orange demons (Zot:1)
  A komodo dragon (shapeshifter) (Vaults:4)
  4 rime drakes
  A hellwing (D:13)
  4 freezing wraiths
  46 yaktaurs
  5 komodo dragons
  An efreet (Zot:5)
  A jumping spider (Vaults:5)
  2 yaktaur skeletons
  10 trolls
  A queen bee (Lair:4)
  A meliai (shapeshifter) (Vaults:4)
  6 meliai
  2 tengu conjurers
  56 saltlings (Desolation)
  15 hornets
  11 hippogriffs
  14 tyrant leeches
  A wind drake (shapeshifter) (Vaults:3)
  28 blink frogs
  A raiju (shapeshifter) (D:14)
  36 slime creatures
  10 bog bodies
  A hippogriff (shapeshifter) (Vaults:1)
  A spriggan zombie (Depths:1)
  7 redbacks
  Sigmund (D:2)
  11 dream sheep (Lair:6)
  10 wraiths
  A fire dragon zombie (Depths:1)
  8 spriggans
  A vampire (D:11)
  5 shadows
  3 wyverns
  An ice dragon skeleton (Depths:1)
  2 water elementals
  3 basilisks
  2 ettin skeletons
  Grum (D:9)
  8 humans
  A hog (shapeshifter) (D:13)
  23 vampire mosquitoes
  A basilisk (shapeshifter) (Vaults:5)
  48 yaks
  A steam dragon (Lair:4)
  2 acid dragons
  5 insubstantial wisps (Swamp:4)
  18 swamp worms
  5 hell hounds (Depths:2)
  62 nagas
  15 wargs
  An elf simulacrum (Depths:1)
  A soldier ant (D:13)
  A soldier ant (shapeshifter) (Vaults:4)
  25 water moccasins
  A hydra simulacrum (Depths:2)
  5 porcupines
  29 orc warriors
  A floating eye (shapeshifter) (Vaults:5)
  17 swamp drakes
  A black bear (D:8)
  2 ice beasts
  10 sky beasts
  A necrophage (D:15)
  A phantom (D:13)
  3 boggarts (D:13)
  An ice dragon simulacrum (Depths:1)
  12 wolves
  66 ogres
  28 centaurs
  3 elf skeletons
  10 crocodiles
  6 big kobolds
  16 bullfrogs
  2 scorpions
  5 human skeletons (Vaults:2)
  A water moccasin zombie (D:7)
  53 killer bees
  3 electric eels
  21 wights
  5 howler monkeys
  4 lava snakes (Snake:1)
  A bullfrog zombie (D:8)
  A quasit (D:7)
  5 bullfrog skeletons
  5 hounds
  20 orc priests
  4 centaur zombies
  9 jellies
  21 orc wizards
  4 centaur skeletons
  An iguana (D:6)
  7 worker ants
  3 hell rats
  A killer bee zombie (D:6)
  2 hound skeletons
  A gnoll (D:3)
  A worker ant zombie (D:9)
  14 adders
  7 river rats
  A shadow imp (D:7)
  4 white imps
  7 oozes
  An adder zombie (D:7)
  3 adder skeletons
  4 dart slugs
  4 worms
  6 leopard geckos
  79 orcs
  3 ball pythons
  6 giant cockroaches
  10 goblins
  6 hobgoblins
  12 jackals
  3 quokkas
  9 bats
  8 frilled lizards
  A jackal skeleton (D:8)
  21 kobolds
  A leopard gecko skeleton (D:6)
  A quokka zombie (D:5)
  10 rats
  A plant (Lair:6)
2055 creatures vanquished.

Vanquished Creatures (others)
  3 dream sheep (Lair:6)
  A human (D:13)
  An insubstantial wisp (Swamp:4)
  A killer bee (Lair:4)
  7 fungi
  4 plants
  3 toadstools (D:11)
  4 withered plants (Vaults:4)
24 creatures vanquished.

Grand Total: 2079 creatures vanquished

Levels and vault maps discovered:
D:1:      sevenhm_arrival_forest_fort_large_2, layout_loops_ring,
          minmay_misc_feat_rugged
D:2:      layout_rooms, lemuel_round_altar, uniq_sigmund
D:3:      layout_basic, zin_academy, serial_bayou_ford_a
D:4:      layout_loops_ring, minmay_temple_entry_butterflies, glass_columns_b
D:5:      layout_rooms
D:6:      layout_rooms, serial_shops, kennysheep_little_box, nrook_loot_triangle
D:7:      layout_gridville, grunt_temple_overflow_open, enter_bailey_6,
          grunt_potential, uniq_duvessa
D:8:      layout_basic, kennysheep_mini, lemuel_coloured_pillars_altar,
          lair_entry_dummy, chequers_serial_rivers_small_a
D:9:      layout_cross, makhleb_altar_promises_db, serial_shops, shop,
          xom_teletrap_fun, uniq_grum, uniq_gastronok, uniq_maggie
D:10:     minmay_wavy_crystal, layout_rooms, uniq_urug, uniq_harold
D:11:     layout_cave_pools, serial_shops, shop, minmay_gold_behind_fungi,
          minivault_15, uniq_erolcha
D:12:     layout_gridville, orc_0_dummy, serial_shops, shop, uniq_nergalle
D:13:     layout_rooms, ximxim_vaults_locker_room, serial_glass,
          glass_columns_b, glass_columns_b, glass_columns_a, glass_columns_c,
          glass_columns_a, glass_columns_b, glass_columns_a, glass_columns_a,
          glass_columns_a, glass_columns_a, feat_on_display,
          due_unseen_surprise, feat_on_display, minmay_strange_pillars
D:14:     layout_roguey, minivault_19, grunt_livestock
D:15:     hangedman_depths_entry_civil_slaughter, layout_long_grid,
          minmay_stone_trees_medium, uniq_josephine, uniq_rupert
Temple:   jpeg_temple_alley_garden
Lair:1:   layout_cave_pods, kennysheep_rathole, infiniplex_staircase_pool,
          grunt_megastairs_4
Lair:2:   layout_chaotic_city, nicolae_quartered_pool_super, ldierk_geyser
Lair:3:   layout_misc_corridors, grunt_megastairs_2
Lair:4:   hangedman_what_comes_after_a, layout_loops_ring,
          skrybe_swamp_entry_bodies, minmay_snake_entry_six_corridors,
          gauntlet_entry_generic, serial_bayou_pond_d, lookout_lair_type,
          columned_hall_lemuel
Lair:5:   layout_cave_pods, minmay_lair_oklob_bushes
Lair:6:   hangedman_lair_in_review, layout_long_grid,
          nicolae_slime_entry_slimehenge, basic_altar
Swamp:1:  layout_basic_swamp, hangedman_swamp_lotus
Swamp:2:  layout_basic_swamp, evilmike_swamp_ruin_house_6, swamp_pool2
Swamp:3:  layout_basic_swamp, evilmike_swamp_ruin_house_2
Swamp:4:  swamp_alternative, layout_basic_swamp, swamp_pool2
Snake:1:  layout_onion, serial_shops, nicolae_shop_stone,
          nicolae_shop_behind_doors, nicolae_shop_competitors_out_of_business,
          shop, shop, nicolae_snake_lava_pool, lemuel_fruit_tree, uniq_roxanne
Snake:2:  layout_basic
Snake:3:  layout_grid_maze, basic_altar, uniq_agnes
Snake:4:  snake_pit, layout_basic, drop_trap, nrook_guardian_serpent_double
Orc:1:    cheibrodos_orc_guarddog, layout_caves
Orc:2:    st_orc_ogre_mass, layout_caves, uniq_snorg, uniq_sonja
Vaults:1: v_misc_4, hangedman_vaults_stitches, vaults_dpeg_cross,
          vaults_standard_mumra_x, ontoclasm_vaults_ring_large, v_misc_3,
          ontoclasm_vaults_chip, dpeg_vaults_monster_box,
          layout_vaults_quadrants
Vaults:2: ontoclasm_vaults_decontamination, v_alt_pattern_4,
          minmay_crypt_entry_skeletal_spiral, vaults_room_octagon,
          ontoclasm_vaults_gateway, st_spiral_rooms, v_misc_26,
          ontoclasm_vaults_pinch, hangedman_vaults_cutoff,
          hangedman_vaults_maws, vaults_dpeg_ring, layout_vaults_chaotic_city,
          portal_desolation_entry_nicolae_slug, uniq_saint_roka
Vaults:3: ontoclasm_vaults_misaligned, nicolae_vaults_three_branches,
          vaults_room_ringed_pool, ontoclasm_vaults_gallery,
          nicolae_vaults_ninety_degrees, hangedman_vaults_impose, v_misc_13,
          nicolae_vaults_rhombus_5, nicolae_vaults_ring_of_whatevers,
          nicolae_vaults_specimen_jars, layout_vaults_omnibox
Vaults:4: gammafunk_vaults_ghost_cemetery, vaults_room_grid, st_octagons_2,
          v_alt_pattern_1, nicolae_vaults_network_quinsquares
          [nicolae_vaults_network_quincunx_subvault,
          nicolae_vaults_network_quincunx_subvault,
          nicolae_vaults_network_quincunx_subvault,
          nicolae_vaults_network_quincunx_subvault], hangedman_vaults_maws,
          vaults_mumra_minichess_inversion, ontoclasm_vaults_eye,
          nicolae_vaults_little_squares_1, vaults_room_fours,
          vaults_mumra_minichess, v_misc_16, vaults_room_pool,
          layout_vaults_ring, serial_shops, shop, uniq_margery
Vaults:5
Depths:1: layout_cave_pools, abandoned_shop, hangedman_geh_valley,
          guppyfry_shop_blood
Depths:2: lemuel_river_lethe, serial_shops, hell_entry
Depths:3: evilmike_diamond_1, layout_basic, enter_ziggurat_e,
          grunt_pan_entry_zigzag, ebering_ghost_xom,
          minmay_staircase_windowed_large, hell_entry,
          brannock_guarded_unrand_thermic_engine, minmay_shoptagon
Depths:4: dpeg_oklob_gauntlet, layout_long_grid, grunt_hell_entry_dis_old,
          minmay_strange_pillars, abyss_entry, serial_bayou_shore_b,
          uniq_frederick, uniq_boris
Depths:5: grunt_zot_entry_tricorne, layout_cave_shapes, grunt_pan_entry_sceptre,
          hell_entry, minmay_misc_feat_chi
Zot:1:    layout_basic, hangedman_zot_gyre, grunt_megastairs_3
Zot:2:    kennysheep_room_grid, layout_basic
Zot:3:    layout_twisted_circle
Zot:4:    layout_concentric_octagons
Zot:5:    layout_misc_corridors


Message History

(D) Dungeon (T) Temple (L) Lair (S) Swamp (P) Snake Pit (M) Slime Pits (O) Orcish Mines (E) Elven Halls (V) Vaults (C) Crypt (U) Depths (H) Hell (Z) Zot
Where to? (Enter - D:1 @ (x,y), ? - help)
A Tzitzimitl comes into view.
There is a stone staircase leading up here.
You climb upwards.
There is a stone staircase leading down here.
(D) Dungeon (T) Temple (L) Lair (S) Swamp (P) Snake Pit (M) Slime Pits (O) Orcish Mines (E) Elven Halls (V) Vaults (C) Crypt (U) Depths (H) Hell (Z) Zot
Where to? (Enter - D:1 @ (x,y), ? - help)
Things that are here:
a +0 club; a kobold skeleton; a goblin skeleton
There is an open gate here.
There is an open door here.
There is a staircase leading out of the dungeon here.
You have escaped!

Notes
Turn   | Place    | Note
-------+----------+-------------------------------------------
     0 | D:5      | bmfx the Ghoul Delver began the quest for the Orb.
     0 | D:5      | Reached XP level 1. HP: 19/19 MP: 0/0
    13 | D:5      | Noticed a sky beast
   113 | D:3      | Found a glowing silver altar of Zin.
   140 | D:3      | Reached XP level 2. HP: 25/26 MP: 1/1
   142 | D:2      | Noticed Sigmund
   650 | D:1      | Reached XP level 3. HP: 29/31 MP: 2/2
  1221 | D:2      | Found a basalt altar of Yredelemnul.
  1360 | D:3      | Reached XP level 4. HP: 38/38 MP: 3/3
  1910 | D:1      | Reached skill level 5 in Unarmed Combat
  2128 | D:2      | Reached XP level 5. HP: 45/45 MP: 4/4
  2795 | D:3      | Reached XP level 6. HP: 42/52 MP: 5/5
  3346 | D:4      | Found a staircase to the Ecumenical Temple.
  3351 | Temple   | Entered the Ecumenical Temple
  3407 | Temple   | Became a worshipper of Warmaster Okawaru
  3850 | D:4      | Reached skill level 1 in Evocations
  3938 | D:4      | Reached XP level 7. HP: 60/60 MP: 6/6
  4541 | D:6      | Reached * piety under Okawaru
  4603 | D:6      | Reached XP level 8. HP: 67/67 MP: 7/7
  4624 | D:6      | Reached skill level 5 in Evocations
  4652 | D:6      | Reached skill level 5 in Fighting
  4652 | D:6      | Reached skill level 1 in Invocations
  4945 | D:6      | Found Kailiq's Weapon Emporium.
  5139 | D:7      | Found a hazy altar of Hepliaklqana.
  5139 | D:7      | Found a stormy altar of Qazlal.
  5139 | D:7      | Found a hide-covered altar of Uskayaw.
  5139 | D:7      | Found a shadowy altar of Dithmenos.
  5139 | D:7      | Found a shimmering altar of Xom.
  5139 | D:7      | Found a radiant altar of Vehumet.
  5139 | D:7      | Found a glowing golden altar of the Shining One.
  5142 | D:7      | Noticed Duvessa
  5142 | D:7      | Noticed Dowan
  5144 | D:7      | Found a flagged portal.
  5151 | Bailey   | Entered a bailey
  5151 | Bailey   | Noticed an orc knight
  5325 | D:7      | Reached ** piety under Okawaru
  5541 | D:7      | Reached skill level 5 in Invocations
  5559 | D:7      | Reached skill level 1 in Armour
  5565 | D:7      | Noticed a cyclops
  5606 | D:7      | Killed a cyclops
  5606 | D:7      | Reached *** piety under Okawaru
  5606 | D:7      | Reached XP level 9. HP: 49/74 MP: 8/11
  5946 | D:7      | Reached skill level 5 in Armour
  6560 | D:8      | Reached skill level 5 in Dodging
  6703 | D:8      | Found a staircase to the Lair.
  6892 | D:8      | Found an ornate altar of the Wu Jian Council.
  6901 | D:8      | Reached skill level 1 in Bows
  7079 | D:8      | Found a shattered altar of Ashenzari.
  7362 | D:8      | Reached XP level 10. HP: 79/81 MP: 12/12
  7460 | D:9      | Noticed Gastronok
  7529 | D:9      | Found Caitour's Antique Weapon Emporium.
  7533 | D:9      | Bought a glowing shortbow for 192 gold pieces
  7571 | D:9      | Found a shimmering altar of Xom.
  7635 | D:9      | Killed Gastronok
  7635 | D:9      | Reached **** piety under Okawaru
  7635 | D:9      | Received a gift from Okawaru
  7660 | D:9      | Found a burning altar of Makhleb.
  7660 | D:9      | Noticed a green death
  7812 | D:9      | Noticed Maggie
  7830 | D:9      | Killed Maggie
  7830 | D:9      | Reached ***** piety under Okawaru
  8006 | D:9      | Noticed Grum
  8214 | D:9      | Killed Grum
  8306 | D:10     | Entered Level 10 of the Dungeon
  8306 | D:10     | Noticed Urug
  8585 | D:10     | Reached XP level 11. HP: 86/86 MP: 10/13
  8612 | D:10     | Noticed Harold
  8627 | D:10     | Killed Harold
  8627 | D:10     | Received a gift from Okawaru
  8890 | D:10     | Killed Urug
  8890 | D:10     | Reached skill level 10 in Bows
  9213 | D:10     | Noticed a wolf spider
  9222 | D:10     | Killed a wolf spider
  9222 | D:10     | Received a gift from Okawaru
  9524 | D:7      | Noticed Duvessa
  9524 | D:7      | Duvessa changed into Duvessa the sky beast
  9525 | D:7      | Noticed Dowan
  9525 | D:7      | Dowan changed into Dowan the gnoll
  9526 | D:7      | Noticed Dowan
  9526 | D:7      | Dowan the gnoll changed into Dowan the goblin
  9537 | D:7      | Killed Duvessa the sky beast
  9539 | D:7      | Killed Dowan the goblin
  9816 | D:2      | Killed Sigmund
 10183 | D:11     | Found Meoc Zech's Armour Emporium.
 10188 | D:11     | Noticed Erolcha
 10206 | D:11     | Killed Erolcha
 10206 | D:11     | Received a gift from Okawaru
 10268 | D:11     | Noticed a two-headed ogre
 10284 | D:11     | Killed a two-headed ogre
 10296 | D:11     | Noticed a five-headed hydra
 10300 | D:11     | Killed a five-headed hydra
 10300 | D:11     | Received a gift from Okawaru
 10384 | D:11     | Bought a +4 chain mail of fire resistance for 409 gold
                  | pieces
 10529 | D:11     | Noticed a manticore
 10533 | D:11     | Killed a manticore
 10533 | D:11     | Reached XP level 12. HP: 94/94 MP: 14/14
 10692 | D:11     | Noticed a sun demon
 11125 | Lair:1   | Entered Level 1 of the Lair of Beasts
 11164 | Lair:1   | Received a gift from Okawaru
 11931 | Lair:1   | Received a gift from Okawaru
 12388 | Lair:2   | Received a gift from Okawaru
 12411 | Lair:2   | Reached ****** piety under Okawaru
 12475 | Lair:2   | Noticed a seven-headed hydra
 12485 | Lair:2   | Killed a seven-headed hydra
 12753 | Lair:2   | Received a gift from Okawaru
 13252 | Lair:3   | Received a gift from Okawaru
 13510 | Lair:3   | Reached XP level 13. HP: 100/100 MP: 15/15
 13533 | Lair:3   | Reached skill level 15 in Bows
 14029 | Lair:4   | Found a gate leading to a gauntlet.
 14034 | Lair:4   | Found a staircase to the Swamp.
 14036 | Gauntlet | Entered a Gauntlet
 14036 | Gauntlet | Found a transporter.
 14036 | Gauntlet | Found a transporter.
 14037 | Gauntlet | Found a transporter.
 14037 | Gauntlet | Found a transporter.
 14040 | Gauntlet | Found a transporter.
 14050 | Gauntlet | Found a transporter.
 14117 | Gauntlet | Found a transporter.
 14129 | Gauntlet | Found a transporter.
 14144 | Gauntlet | Found a transporter.
 14155 | Gauntlet | Found a transporter.
 14169 | Gauntlet | Found a transporter.
 14175 | Gauntlet | Found a transporter.
 14270 | Gauntlet | Got a pair of faintly glowing gloves
 14281 | Gauntlet | Identified the +1 pair of gloves of the Tundras {Harm Str+3
                  | Int-4 Stlth+} (You found it in a Gauntlet)
 14449 | Gauntlet | Got a scorched lead amulet
 14450 | Gauntlet | Identified an amulet "Xecharuz" {Acrobat +Blink rPois} (You
                  | found it in a Gauntlet)
 14465 | Gauntlet | Identified the +8 great mace "Orb Guardian's Curse" {venom,
                  | rPois rF+ Str+2 Int+3}
 14465 | Gauntlet | Noticed a minotaur
 14480 | Gauntlet | Killed a minotaur
 14513 | Gauntlet | Identified the Papyrus of the Voyage
 14521 | Gauntlet | Identified the +2 ring mail of the Jackalope {rCorr Dex+3}
                  | (You found it in a Gauntlet)
 14847 | Lair:4   | Found a staircase to the Snake Pit.
 14878 | Lair:4   | Received a gift from Okawaru
 16104 | Lair:4   | Received a gift from Okawaru
 16745 | Lair:5   | Received a gift from Okawaru
 16984 | Lair:5   | Reached XP level 14. HP: 107/107 MP: 16/16
 17329 | Lair:5   | Received a gift from Okawaru
 17921 | Lair:6   | Entered Level 6 of the Lair of Beasts
 18418 | Lair:6   | Found a shattered altar of Ashenzari.
 18514 | Lair:6   | Received a gift from Okawaru
 18522 | Lair:6   | Found a staircase to the Slime Pits.
 19391 | Lair:6   | Noticed a dire elephant
 19404 | Lair:6   | Received a gift from Okawaru
 19417 | Lair:6   | Killed a dire elephant
 19418 | Lair:6   | Received a gift from Okawaru
 19972 | D:12     | Found Beaqec's Gadget Shop.
 19997 | D:12     | Received a gift from Okawaru
 19997 | D:12     | Reached XP level 15. HP: 108/113 MP: 17/17
 20333 | D:12     | Found a staircase to the Orcish Mines.
 20465 | D:12     | Noticed Nergalle
 20470 | D:12     | Killed Nergalle
 20526 | D:12     | Received a gift from Okawaru
 21255 | D:13     | Found a gate to the Vaults.
 22103 | D:14     | Received a gift from Okawaru
 22107 | D:14     | Got a pair of ancient gloves {god gift}
 22118 | D:14     | Identified the +1 pair of gloves of the Crypt {god gift,
                  | -Tele Str+4 Stlth+} (Okawaru gifted it to you on level 14
                  | of the Dungeon)
 22704 | D:15     | Entered Level 15 of the Dungeon
 22803 | D:15     | Found a staircase to the Depths.
 23012 | D:15     | Reached XP level 16. HP: 119/119 MP: 15/18
 23369 | D:15     | Noticed Josephine
 23377 | D:15     | Killed Josephine
 23417 | D:15     | Received a gift from Okawaru
 23429 | D:15     | Got pitted storm dragon scales {god gift}
 23435 | D:15     | Identified the +10 storm dragon scales of Broken Taboos
                  | {god gift, Harm rElec rPois rC+++ Dex-4} (Okawaru gifted it
                  | to you on level 15 of the Dungeon)
 23596 | D:15     | Noticed Rupert
 23596 | D:15     | Paralysed by Rupert for 3 turns
 23607 | D:15     | Killed Rupert
 23825 | Orc:1    | Entered Level 1 of the Orcish Mines
 24474 | Orc:2    | Entered Level 2 of the Orcish Mines
 24578 | Orc:2    | Noticed Snorg
 24583 | Orc:2    | Killed Snorg
 24650 | Orc:2    | Found a staircase to the Elven Halls.
 24751 | Orc:2    | Received a gift from Okawaru
 24824 | Orc:2    | Reached skill level 10 in Fighting
 24851 | Orc:2    | Found Soacel's Antique Armour Shop.
 24851 | Orc:2    | Found Haxtaf's Magic Scroll Emporium.
 24852 | Orc:2    | Found Huishror's Antique Weapon Shoppe.
 24852 | Orc:2    | Found Imunim's Book Shop.
 24868 | Orc:2    | Bought a scroll of teleportation for 45 gold pieces
 24868 | Orc:2    | Bought a scroll of magic mapping for 52 gold pieces
 25194 | Orc:2    | Noticed Sonja
 25200 | Orc:2    | Killed Sonja
 25589 | Swamp:1  | Entered Level 1 of the Swamp
 25796 | Swamp:1  | Got a polished helmet
 25808 | Swamp:1  | Identified the +0 helmet of the Sneaky Olives {rN+ Dex+6}
                  | (You found it on level 1 of the Swamp)
 25862 | Swamp:1  | Received a gift from Okawaru
 25900 | Swamp:1  | Reached XP level 17. HP: 140/140 MP: 19/19
 26836 | Swamp:2  | Received a gift from Okawaru
 26868 | Swamp:2  | Got a scorched cloak {god gift}
 26889 | Swamp:1  | Identified the +0 cloak of the Shore {god gift, Str+4
                  | Dex+3} (Okawaru gifted it to you on level 2 of the Swamp)
 28196 | Swamp:3  | Received a gift from Okawaru
 28196 | Swamp:3  | Reached skill level 10 in Armour
 28686 | Swamp:4  | Entered Level 4 of the Swamp
 28915 | Swamp:4  | Received a gift from Okawaru
 28916 | Swamp:4  | Found the +8 longbow "Zephyr" {god gift, speed, Dex+3 SInv}
 29051 | Swamp:4  | Reached XP level 18. HP: 147/147 MP: 22/22
 29342 | Swamp:4  | Got a decaying rune of Zot
 29609 | Snake:1  | Entered Level 1 of the Snake Pit
 29706 | Snake:1  | Found Biol's Weapon Emporium.
 29951 | Snake:1  | Received a gift from Okawaru
 29954 | Snake:1  | Reached skill level 10 in Invocations
 29987 | Snake:1  | Found Woeck's Gadget Shop.
 29991 | Snake:1  | Found Teklivao's Armour Shoppe.
 30068 | Snake:1  | Found Zeekhluv's General Store.
 30078 | Snake:1  | Bought a scroll of teleportation for 48 gold pieces
 30078 | Snake:1  | Bought a potion of heal wounds for 80 gold pieces
 30078 | Snake:1  | Bought a potion of heal wounds for 80 gold pieces
 30086 | Snake:1  | Received a gift from Okawaru
 30098 | Snake:1  | Found Zuasuomo's Weapon Shoppe.
 30128 | Snake:1  | Identified Roxanne's Collected Works on Moulding
 30128 | Snake:1  | Noticed Roxanne
 30155 | Snake:1  | Killed Roxanne
 30155 | Snake:1  | Received a gift from Okawaru
 30372 | Snake:2  | Received a gift from Okawaru
 30479 | Snake:2  | Received a gift from Okawaru
 30841 | Snake:2  | Received a gift from Okawaru
 31867 | Snake:3  | Noticed Agnes
 31878 | Snake:3  | Killed Agnes
 31898 | Snake:3  | Found a shattered altar of Ashenzari.
 32295 | Snake:4  | Entered Level 4 of the Snake Pit
 32416 | Snake:4  | Identified a scroll of acquirement
 32417 | Snake:4  | Acquired a manual of Unarmed Combat
 32450 | Snake:4  | Received a gift from Okawaru
 32459 | Snake:4  | Reached XP level 19. HP: 161/161 MP: 25/25
 32653 | Snake:4  | Reached skill level 10 in Unarmed Combat
 32832 | Snake:4  | Received a gift from Okawaru
 32954 | Snake:4  | Received a gift from Okawaru
 32978 | Snake:4  | Reached skill level 15 in Unarmed Combat
 32995 | Snake:4  | Received a gift from Okawaru
 33192 | Snake:4  | Got a serpentine rune of Zot
 33353 | Snake:4  | Received a gift from Okawaru
 33691 | Vaults:1 | Entered Level 1 of the Vaults
 33699 | D:13     | Received a gift from Okawaru
 34297 | Vaults:1 | Reached XP level 20. HP: 172/172 MP: 24/26
 34607 | Vaults:1 | Received a gift from Okawaru
 35263 | Vaults:2 | Found a ruined gateway.
 35280 | Desolati | Entered the Desolation of Salt
 35508 | Desolati | Received a gift from Okawaru
 35641 | Desolati | Identified the Reference Book on Moulding
 35648 | Desolati | Got fine pearl dragon scales
 35649 | Desolati | Identified the +6 pearl dragon scales of Articulation
                  | {rElec rF+ rN+ Stlth+} (You found it in the Desolation of
                  | Salt)
 35674 | Desolati | Got a bloodstained scale mail
 35675 | Desolati | Identified the cursed +0 scale mail "Gaukhlau" {Dex+4} (You
                  | found it in the Desolation of Salt)
 35842 | Desolati | Identified the +0 robe of Mental Paralysis {rF+}
 35842 | Desolati | Identified the ring "Roacih" {+Fly MP+9 Str-2 Dex+8}
 35862 | Desolati | Reached skill level 15 in Fighting
 35985 | Desolati | Identified the Grimoire of Attacks
 36010 | Desolati | Received a gift from Okawaru
 36097 | Desolati | Got a heavily runed lead ring
 36111 | Desolati | Identified the ring "Sust" {rPois Stlth+} (You found it in
                  | the Desolation of Salt)
 36991 | Vaults:2 | Reached skill level 15 in Armour
 37086 | Vaults:2 | Reached XP level 21. HP: 184/184 MP: 27/27
 37296 | Vaults:2 | Received a gift from Okawaru
 37544 | Vaults:2 | Noticed Saint Roka
 37557 | Vaults:2 | Killed Saint Roka
 37562 | Vaults:2 | Received a gift from Okawaru
 37654 | Vaults:2 | Found a staircase to the Crypt.
 38603 | Vaults:3 | Received a gift from Okawaru
 38714 | Vaults:3 | Got an ancient marble ring
 38715 | Vaults:3 | Identified the ring "Feloicuh" {rN+ SInv} (You found it on
                  | level 3 of the Vaults)
 39542 | Vaults:4 | Reached skill level 10 in Evocations
 40429 | Vaults:4 | Received a gift from Okawaru
 40491 | Vaults:4 | Reached XP level 22. HP: 192/192 MP: 30/30
 40568 | Vaults:4 | Found a runed translucent gate.
 40568 | Vaults:4 | Found a runed translucent gate.
 40571 | Vaults:4 | Found a runed translucent gate.
 40573 | Vaults:4 | Noticed Pall's ghost (veteran FoAK)
 40573 | Vaults:4 | Noticed Nybbakke's ghost (adept MiFi)
 40573 | Vaults:4 | Noticed Norharag's ghost (adept HuBe)
 41121 | Vaults:4 | Received a gift from Okawaru
 41405 | Vaults:4 | Found Logaa's Book Emporium.
 41798 | Vaults:4 | Killed Norharag's ghost
 41814 | Vaults:4 | Killed Pall's ghost
 41826 | Vaults:4 | Killed Nybbakke's ghost
 41826 | Vaults:4 | Received a gift from Okawaru
 41974 | Vaults:5 | Entered Level 5 of the Vaults
 42010 | Vaults:5 | Received a gift from Okawaru
 42062 | Vaults:5 | Identified the +3 leather armour "Upnouf" {Regen+ Str-4
                  | Dex+5}
 42111 | Vaults:5 | Got an encrusted longbow {god gift}
 42112 | Vaults:5 | Identified the +6 longbow of Past Mistakes {god gift,
                  | vorpal, Str+2 Dex+2} (Okawaru gifted it to you on level 5
                  | of the Vaults)
 42133 | Vaults:5 | Reached XP level 23. HP: 200/206 MP: 31/31
 42142 | Vaults:5 | Received a gift from Okawaru
 42189 | Vaults:5 | Received a gift from Okawaru
 42305 | Vaults:5 | Received a gift from Okawaru
 42387 | Vaults:5 | Noticed an ancient lich
 42393 | Vaults:5 | Killed an ancient lich
 42400 | Vaults:5 | Noticed an ancient lich
 42409 | Vaults:5 | Killed an ancient lich
 42409 | Vaults:5 | Received a gift from Okawaru
 42468 | Vaults:5 | Identified Xodghoag's Guide on Transmutation
 42478 | Vaults:5 | Got a silver rune of Zot
 42526 | Vaults:5 | Identified the Disquisition on Spatial Venom
 42618 | Vaults:5 | Aoae: ??Zermako[10
 42739 | Vaults:5 | Received a gift from Okawaru
 42743 | Vaults:5 | Got a smoking longbow {god gift}
 42744 | Vaults:5 | Identified the +1 longbow "Ralakh" {god gift, freeze,
                  | Str+3} (Okawaru gifted it to you on level 5 of the Vaults)
 43096 | Vaults:5 | Received a gift from Okawaru
 43225 | Vaults:5 | Received a gift from Okawaru
 43522 | Vaults:5 | Received a gift from Okawaru
 43528 | Vaults:5 | Got a polished helmet {god gift}
 43529 | Vaults:5 | Identified the -5 helmet of Attof {god gift, Stlth+}
                  | (Okawaru gifted it to you on level 5 of the Vaults)
 43753 | Vaults:5 | Found the +3 Elemental Staff {rElec rF++ rC++ MR++ AC+5}
 43994 | Vaults:5 | Identified Wuisaopi's Papyrus of Attacks
 44007 | Vaults:5 | Noticed a golden dragon
 44015 | Vaults:5 | Killed a golden dragon
 44026 | Vaults:5 | Reached XP level 24. HP: 224/224 MP: 30/31
 44308 | Depths:1 | Entered Level 1 of the Depths
 44550 | Depths:1 | Received a gift from Okawaru
 44668 | Depths:2 | Received a gift from Okawaru
 44864 | Depths:3 | Found a gateway to a ziggurat.
 44983 | Depths:3 | Found Tukkurog's Magic Scroll Boutique.
 44983 | Depths:3 | Found Nitoysm's Antique Armour Shop.
 45139 | Depths:4 | Received a gift from Okawaru
 45149 | Depths:4 | Noticed Frederick
 45164 | Depths:4 | Killed Frederick
 45164 | Depths:4 | Received a gift from Okawaru
 45316 | Depths:4 | Found a one-way gate to the infinite horrors of the Abyss.
 45376 | Depths:4 | Received a gift from Okawaru
 45399 | Depths:5 | Entered Level 5 of the Depths
 45846 | Depths:5 | Found a gate to the Realm of Zot.
 45927 | Depths:5 | Found a gateway to Hell.
 45966 | Zot:1    | Entered Level 1 of the Realm of Zot
 46061 | Zot:2    | Received a gift from Okawaru
 46062 | Zot:2    | Reached XP level 25. HP: 231/231 MP: 26/31
 46172 | Zot:4    | Received a gift from Okawaru
 46177 | Zot:4    | Identified the +10 plate armour of Zadi {god gift, Int+3}
                  | (Okawaru gifted it to you on level 4 of the Realm of Zot)
 46192 | Zot:5    | Entered Level 5 of the Realm of Zot
 46918 | Zot:5    | Noticed an ancient lich
 46934 | Zot:5    | Noticed an orb of fire
 46941 | Zot:5    | Killed an ancient lich
 46941 | Zot:5    | Received a gift from Okawaru
 46947 | Zot:5    | Killed an orb of fire
 46952 | Zot:5    | Noticed a Killer Klown
 46966 | Zot:5    | Noticed an orb of fire
 46968 | Zot:5    | Killed a Killer Klown
 46971 | Zot:5    | Noticed an ancient lich
 46982 | Zot:5    | Noticed an ancient lich
 46983 | Zot:5    | Killed an orb of fire
 46988 | Zot:5    | Killed an ancient lich
 46988 | Zot:5    | Received a gift from Okawaru
 46989 | Zot:5    | Noticed an ancient lich
 46995 | Zot:5    | Killed an ancient lich
 47001 | Zot:5    | Noticed a Killer Klown
 47009 | Zot:5    | Killed an ancient lich
 47009 | Zot:5    | Received a gift from Okawaru
 47009 | Zot:5    | Noticed an ancient lich
 47018 | Zot:5    | Noticed a Killer Klown
 47021 | Zot:5    | Killed an ancient lich
 47022 | Zot:5    | Noticed an ancient lich
 47023 | Zot:5    | Killed a Killer Klown
 47023 | Zot:5    | Reached XP level 26. HP: 244/244 MP: 31/31
 47027 | Zot:5    | Killed an ancient lich
 47033 | Zot:5    | Killed a Killer Klown
 47039 | Zot:5    | Noticed an orb of fire
 47043 | Zot:5    | Noticed an orb of fire
 47057 | Zot:5    | Killed an orb of fire
 47071 | Zot:5    | Killed an orb of fire
 47071 | Zot:5    | Received a gift from Okawaru
 47074 | Zot:5    | Got a brightly glowing robe {god gift}
 47076 | Zot:5    | Identified the +0 pair of gloves "Wuunoll" {god gift,
                  | rCorr} (Okawaru gifted it to you on level 5 of the Realm of
                  | Zot)
 47077 | Zot:5    | Got a polished longbow {god gift}
 47078 | Zot:5    | Identified the +0 longbow "Ghoul's Death" {god gift,
                  | vorpal, rN+ Str-5 Int+6} (Okawaru gifted it to you on level
                  | 5 of the Realm of Zot)
 47409 | Zot:5    | Reached skill level 10 in Dodging
 47449 | Zot:5    | Noticed an ancient lich
 47457 | Zot:5    | Killed an ancient lich
 47588 | Zot:5    | Noticed an ancient lich
 47593 | Zot:5    | Killed an ancient lich
 48171 | Zot:5    | Got the Orb of Zot
 48544 | D:13     | Received a gift from Okawaru
 48810 | D:$      | Escaped with the Orb!
